 Dungeon Crawl Stone Soup version 0.31.0-11-ge490571c62 (webtiles) character file.

Game seed: 9889852185185983662

4820 qw the Skirmisher (level 10, -9/60 HPs)
             Began as a Deep Elf Hunter on Feb 4, 2024.
             Was a Priest of Okawaru.
             Shot with a sling bullet by Joseph (12 damage)
             ... on level 9 of the Dungeon.
             The game lasted 00:00:46 (9242 turns).

qw the Skirmisher (Deep Elf Hunter)                 Turns: 9242, Time: 00:00:47

Health: -9/60      AC: 15    Str: 13    XL:     10   Next: 24%
Magic:  15/15      EV: 13    Int: 18    God:    Okawaru [***...]
Gold:   170        SH:  0    Dex: 18    Spells: 9/9 levels left

rFire   . . .        a - +2 shortbow
rCold   . . .        (shield currently unavailable)
rNeg    + + .        f - +3 scale mail {rN+}
rPois   +            q - +2 helmet
rElec   .            (no cloak)
rCorr   .            g - +1 pair of gloves
SInv    .            (no boots)
Will    ++...        k - amulet of Guol {RegenMP Fly rPois}
Stlth   +            h - ring of positive energy
HPRegen 0.30/turn    (no ring)
MPRegen 0.54/turn

%: no passive effects
@: about to teleport, flying, hasted, very quick
A: clever 1, strong-willed 1, strong 1
a: Renounce Religion, Heroism


You were on level 9 of the Dungeon.
You worshipped Okawaru.
Okawaru was most pleased with you.
You visited 2 branches of the dungeon, and saw 10 of its levels.
You also visited: Sewer.

You collected 517 gold pieces.
You spent 347 gold pieces at shops.


Innate Abilities, Weirdness & Mutations

Your mind is acute. (Int +4, Str/Dex -1)
You are strong-willed. (Will+)
Your muscles are strong. (Str +4, Int/Dex -1)


   Skills:
 + Level 6.0 Fighting
 - Level 14.1 Ranged Weapons
 - Level 3.2 Armour
 - Level 8.1 Dodging
 - Level 1.2 Stealth
 - Level 4.2 Invocations


You had 9 spell levels left.
You didn't know any spells.
Your spell library was empty.

Inventory:

Hand Weapons
 a - a +2 shortbow (weapon)
Armour
 f - a +3 scale mail of positive energy (worn)
 g - a +1 pair of gloves (worn)
 p - a +2 leather armour of poison resistance
 q - a +2 helmet (worn)
Jewellery
 h - a ring of positive energy (left hand)
 k - the amulet of Guol (around neck) {RegenMP Fly rPois}
   (You found it on level 6 of the Dungeon)

   [amulet of magic regeneration]

   RegenMP:   It increases your rate of magic regeneration.
   rPois:     It protects you from poison Fly: It grants you flight.
Wands
 b - a wand of polymorph (6)
 s - a wand of iceblast (13)
Scrolls
 e - 2 scrolls of teleportation
 l - a scroll of identify
Potions
 d - 4 potions of curing
 i - 3 potions of mutation
 n - 3 potions of might
 o - a potion of cancellation

Dungeon Overview and Level Annotations

Branches:
Dungeon (9/15)             Temple (1/1) D:5           Sewer (visited)
   Lair: D:8-11         Orc: D:9-12

Altars:
Ashenzari
Dithmenos
Elyvilon
Fedhas
Gozag
Hepliaklqana
Kikubaaqudgha
Makhleb
Nemelex Xobeh
Okawaru
Qazlal
Ru
Sif Muna
Trog
Uskayaw
Vehumet
Wu Jian
Xom
Yredelemnul
Zin
The Shining One

Shops:
D:1 ?   D:6 [   D:7 (   D:9 *

Annotations:
D:5 2 transporters, qw's ghost, amateur SpHu
D:7 1 runed translucent door
D:9 6 transporters, Joseph


Message History

Joseph is lightly wounded.
The hornet completely misses you.
You shoot an arrow. The arrow hits the hornet!!
The hornet is almost dead.
The hornet stings you but does no damage.
You shoot an arrow. The arrow hits the hornet.
You kill the hornet!
Okawaru accepts your kill.
Your base Dodging skill increases to level 8!
You shoot an arrow.
The arrow hits Joseph but does no damage.
Joseph is lightly wounded.
Joseph shoots a sling bullet.
The sling bullet closely misses you.
You shoot an arrow. The arrow closely misses Joseph.
You shoot an arrow. The arrow hits Joseph.
Joseph is lightly wounded.
Joseph shoots a sling bullet.
The sling bullet closely misses you.
You shoot an arrow. The arrow closely misses Joseph.
Joseph shoots a sling bullet.
The sling bullet hits you!
You shoot an arrow. The arrow hits Joseph!
Joseph is moderately wounded.
You shoot an arrow. The arrow barely misses Joseph.
Joseph shoots a sling bullet.
The sling bullet hits you!
You shoot an arrow. The arrow hits Joseph!
Joseph is heavily wounded.
Joseph shoots a sling bullet.
The sling bullet hits you!
9240 ||| READING 3 scrolls of teleportation.
As you read the scroll of teleportation, it crumbles to dust.
You feel strangely unstable.
You shoot an arrow.
The arrow hits the orc warrior but does no damage.
The orc warrior misses you.
Joseph shoots a sling bullet.
The sling bullet hits you!
9242 ||| DRINKING potion of heal wounds.
You feel much better.
You feel like a meek peon again.
The orc warrior hits you from afar with a +0 glaive!!
An orc comes into view. It is wielding a +0 club.
Joseph shoots a sling bullet.
The sling bullet hits you!
You die...

.....# o #....# ..
^#....# .. .....# #^.
#....# ..##.##....#
....oo.....#
....@..@...#
...........#
####.......#
#....>..# ######
#.......# #.....
#.......########.....
#.......#......##....
#.......#......#.....
#.......#......#.....


You could see Joseph, an orc warrior, an orc priest and an orc.

Vanquished Creatures
  A hornet (D:9)
  Prince Ribbit (D:7)
  Grinder (D:5)
  Sigmund (D:3)
  5 yaks (D:9)
  Grum (D:9)
  2 steam dragons
  An orc warrior (D:6)
  A sky beast (D:7)
  2 ice beasts
  2 black bears
  A crocodile (Sewer)
  2 ogres (D:6)
  2 wolves (D:9)
  A centaur (D:9)
  A phantom (D:5)
  3 kobold brigands
  A brain worm (Sewer)
  2 bullfrogs
  A gnoll sergeant (D:5)
  A scorpion (D:4)
  5 wights (D:7)
  3 killer bees (D:9)
  2 howler monkeys (D:7)
  An electric eel (D:6)
  5 hounds
  3 bombardier beetles
  A jelly (D:5)
  An orc priest (D:3)
  An iguana (D:5)
  Terence (D:3)
  A sleepcap (D:7)
  5 orc wizards
  10 gnolls
  9 adders
  A shadow imp (D:6)
  2 ufetubi (D:5)
  3 ribbon worms
  31 orcs
  5 ball pythons
  16 bats
  5 endoplasms
  A giant cockroach (D:2)
  5 goblins
  2 hobgoblins
  8 jackals
  19 kobolds
  2 quokkas
  2 rats
183 creatures vanquished.

Notes
Turn   | Place    | Note
-------+----------+-------------------------------------------
     0 | D:1      | qw the Deep Elf Hunter began the quest for the Orb.
     0 | D:1      | Reached XP level 1. HP: 12/12 MP: 3/3
     0 | D:1      | 0 ||| qw: Version: 0.3-a-160-g6735b56
     0 | D:1      | 0 ||| qw: Game counter: 4579
     0 | D:1      | 0 ||| qw: Melee chars always use a shield: true
     0 | D:1      | 0 ||| qw: God list: Okawaru
     0 | D:1      | 0 ||| qw: Allow faded altars: false
     0 | D:1      | 0 ||| qw: Do Orc after clearing Dungeon:15 true
     0 | D:1      | 0 ||| qw: Do second Lair branch before Depths: true
     0 | D:1      | 0 ||| qw: Lair rune preference: random
     0 | D:1      | 0 ||| qw: Goals: Normal
     0 | D:1      | 0 ||| PLANNING D:1-11
   294 | D:1      | Reached XP level 2. HP: 15/16 MP: 4/4
   318 | D:1      | Reached skill level 6 in Ranged Weapons
   781 | D:1      | Found Fafenu's Magic Scroll Shoppe.
   791 | D:1      | 791 ||| BUYING scroll of identify (26 gold).
   791 | D:1      | Bought a scroll of identify for 26 gold pieces
   791 | D:1      | 791 ||| SHOPLISTING scroll of identify (26 gold, have 19).
   940 | D:1      | 940 ||| UPGRADING to +0 scale mail.
   950 | D:1      | 950 ||| DROPPING +0 leather armour.
   951 | D:1      | 951 ||| READING scroll of identify.
   951 | D:1      | 951 ||| IDENTIFYING clear potion
   952 | D:1      | 952 ||| READING 2 scrolls labelled XUFFU IGOCH.
   955 | D:1      | 955 ||| READING scroll labelled BUNATO RYHO.
   956 | D:1      | 956 ||| READING scroll labelled USHRAF SOULOHAM.
   957 | D:1      | 957 ||| DROPPING scroll of butterflies.
   965 | D:2      | 965 ||| STAIRDANCE
  1014 | D:2      | Reached XP level 3. HP: 20/20 MP: 5/5
  1425 | D:2      | Reached skill level 7 in Ranged Weapons
  1529 | D:2      | 1529 ||| UPGRADING to +0 ring mail.
  1539 | D:2      | 1539 ||| DROPPING +0 scale mail.
  1540 | D:2      | 1540 ||| UPGRADING to +0 pair of gloves.
  1545 | D:2      | 1545 ||| DROPPING amulet of magic regeneration.
  1546 | D:2      | 1546 ||| READING scroll labelled BAMPIGOHUY.
  1546 | D:2      | 1546 ||| ENCHANTING +0 shortbow.
  1547 | D:2      | 1547 ||| READING 3 scrolls labelled ULOATR IDOQY.
  1548 | D:2      | 1548 ||| DROPPING 2 scrolls of noise.
  1566 | D:3      | Reached XP level 4. HP: 25/25 MP: 6/6
  1587 | D:3      | Found Cuwka's Antique Weapon Boutique.
  1676 | D:3      | Noticed Terence
  1690 | D:3      | Killed Terence
  1691 | D:3      | Reached skill level 8 in Ranged Weapons
  1780 | D:3      | Reached XP level 5. HP: 29/29 MP: 7/7
  1834 | D:3      | HP: 6/29 [gnoll/+0 halberd (6)]
  1835 | D:3      | 1835 ||| READING 2 scrolls of teleportation.
  1978 | D:3      | Reached skill level 9 in Ranged Weapons
  2327 | D:3      | Noticed Sigmund
  2341 | D:3      | Killed Sigmund
  2342 | D:3      | Reached skill level 3 in Fighting
  2342 | D:3      | Reached XP level 6. HP: 10/37 MP: 8/8
  2529 | D:3      | 2529 ||| UPGRADING to +3 scale mail of positive energy.
  2539 | D:3      | 2539 ||| DROPPING +0 ring mail.
  2540 | D:3      | 2540 ||| READING scroll of identify.
  2540 | D:3      | 2540 ||| IDENTIFYING viscous cyan potion
  2541 | D:3      | 2541 ||| READING scroll labelled JENIUM CAHENA.
  2574 | D:4      | 2574 ||| PLANNING SEWER
  2761 | D:4      | Reached skill level 1 in Armour
  2867 | D:4      | Found a glowing drain.
  2872 | D:4      | 2872 ||| READING scroll of identify.
  2872 | D:4      | 2872 ||| IDENTIFYING bubbling emerald potion
  2873 | D:4      | 2873 ||| DRINKING 3 viscous yellow potions.
  2873 | D:4      | Gained mutation: You are strong-willed. (Will+) [potion of
                  | mutation]
  2873 | D:4      | Gained mutation: Your mind is acute. (Int +4, Str/Dex -1)
                  | [potion of mutation]
  2873 | D:4      | Gained mutation: Your muscles are strong. (Str +4, Int/Dex
                  | -1) [potion of mutation]
  2874 | D:4      | 2874 ||| DROPPING potion of brilliance.
  2891 | Sewer    | Entered a sewer
  2986 | Sewer    | Reached skill level 10 in Ranged Weapons
  2986 | Sewer    | Reached XP level 7. HP: 22/41 MP: 9/9
  3076 | Sewer    | 3076 ||| READING scroll of identify.
  3076 | Sewer    | 3076 ||| IDENTIFYING bubbling pink potion
  3077 | Sewer    | 3077 ||| DROPPING potion of lignification.
  3098 | D:4      | 3098 ||| PLANNING D:1-11
  3690 | D:4      | 3690 ||| DRINKING 3 viscous red potions.
  3716 | D:5      | Entered Level 5 of the Dungeon
  3718 | D:5      | Noticed qw's ghost (amateur SpHu)
  3719 | D:5      | Found a transporter.
  3836 | D:5      | Found a transporter.
  3854 | D:5      | Found a staircase to the Ecumenical Temple.
  3855 | D:5      | 3855 ||| PLANNING TEMPLE
  3855 | D:5      | 3855 ||| READING scroll labelled BIAFUMAHEC.
  3970 | Temple   | Entered the Ecumenical Temple
  3971 | Temple   | 3971 ||| PLANNING OKAWARU WORSHIP
  4057 | Temple   | Became a worshipper of Warmaster Okawaru
  4058 | Temple   | 4058 ||| PLANNING D:1-11
  4170 | D:5      | Reached skill level 11 in Ranged Weapons
  4195 | D:5      | HP: 9/41 [gnoll/+0 whip[a gnoll sergeant] (2)]
  4196 | D:5      | 4196 ||| READING 3 scrolls of teleportation.
  4197 | D:5      | 4197 ||| DRINKING 2 potions of heal wounds.
  4343 | D:5      | Reached skill level 3 in Dodging
  4517 | D:5      | Found a shadowy altar of Dithmenos.
  4598 | D:5      | Found a sparkling altar of Nemelex Xobeh.
  4599 | D:5      | Noticed Grinder
  4601 | D:5      | 4601 ||| ZAPPING wand of acid (7) at 1,5 (Grinder; floor).
  4606 | D:5      | 4606 ||| ZAPPING wand of acid (6) at 0,5 (Grinder; floor).
  4607 | D:5      | 4607 ||| ZAPPING wand of acid (5) at 0,4 (Grinder; floor).
  4609 | D:5      | 4609 ||| ZAPPING wand of acid (4) at 0,1 (Grinder; floor).
  4610 | D:5      | 4610 ||| ZAPPING wand of acid (3) at 0,1 (Grinder; floor).
  4610 | D:5      | Killed Grinder
  4610 | D:5      | Reached * piety under Okawaru
  4611 | D:5      | Reached skill level 12 in Ranged Weapons
  4611 | D:5      | Reached XP level 8. HP: 46/46 MP: 10/10
  4734 | D:5      | Found a blossoming altar of Fedhas.
  4786 | D:5      | Found a blossoming altar of Fedhas.
  4787 | D:5      | 4787 ||| RETREEEEATING.
  4793 | D:5      | 4793 ||| RETREEEEATING.
  4794 | D:5      | 4794 ||| RETREEEEATING.
  4795 | D:5      | 4795 ||| RETREEEEATING.
  4811 | D:5      | 4811 ||| ZAPPING wand of acid (2) at 0,-1 (black bear;
                  | floor).
  4812 | D:5      | Reached skill level 1 in Invocations
  4936 | D:5      | 4936 ||| READING scroll of identify.
  4936 | D:5      | 4936 ||| IDENTIFYING brown potion
  4937 | D:5      | 4937 ||| READING scroll labelled VAUNKESORGHI.
  4938 | D:5      | 4938 ||| READING scroll labelled MIFEAF CO ETUBOMYE.
  4938 | D:5      | 4938 ||| ENCHANTING +0 pair of gloves.
  4972 | D:6      | 4972 ||| READING scroll of enchant weapon.
  4972 | D:6      | 4972 ||| ENCHANTING +1 shortbow.
  4986 | D:6      | Found a bloodstained altar of Trog.
  5066 | D:6      | Found Lywicorph's Armour Boutique.
  5066 | D:6      | Identified the amulet of Guol {RegenMP Fly rPois}
  5099 | D:6      | Reached skill level 3 in Invocations
  5169 | D:6      | 5169 ||| BUYING +0 helmet (54 gold).
  5169 | D:6      | Bought a +0 helmet for 54 gold pieces
  5169 | D:6      | 5169 ||| SHOPLISTING +0 scale mail of Peek-a-Boo {rPois
                  | Will- Dex+4} (232 gold, have 213).
  5169 | D:6      | 5169 ||| BUYING +2 leather armour of poison resistance (192
                  | gold).
  5169 | D:6      | Bought a +2 leather armour of poison resistance for 192
                  | gold pieces
  5169 | D:6      | 5169 ||| SHOPLISTING +2 robe of fire resistance (212 gold,
                  | have 21).
  5197 | D:6      | Reached skill level 13 in Ranged Weapons
  5317 | D:6      | 5317 ||| Stepping ~*~*~tactically~*~*~ (cloud).
  5493 | D:6      | Reached ** piety under Okawaru
  5506 | D:6      | 5506 ||| ZAPPING wand of acid (1) at 1,1 (black bear;
                  | floor).
  5528 | D:6      | Reached skill level 14 in Ranged Weapons
  5528 | D:6      | Reached XP level 9. HP: 51/51 MP: 14/14
  6272 | D:6      | 6272 ||| UPGRADING to +0 helmet.
  6277 | D:6      | 6277 ||| UPGRADING to +2 leather armour of poison
                  | resistance.
  6287 | D:6      | 6287 ||| UPGRADING to amulet of Guol {RegenMP Fly rPois}.
  6292 | D:6      | 6292 ||| UPGRADING to +3 scale mail of positive energy.
  6302 | D:6      | 6302 ||| UPGRADING to ring of positive energy.
  6303 | D:6      | 6303 ||| DROPPING wand of flame (18).
  6428 | D:7      | 6428 ||| RETREEEEATING.
  6429 | D:7      | 6429 ||| RETREEEEATING.
  6437 | D:7      | HP: 10/52 [wight/+5 mace (6)]
  6438 | D:7      | 6438 ||| READING 4 scrolls of teleportation.
  6439 | D:7      | 6439 ||| DRINKING 2 potions of heal wounds.
  6502 | D:7      | Found Ukkeez's Weapon Emporium.
  6512 | D:7      | 6512 ||| SHOPLISTING +1 arbalest of electrocution (200
                  | gold, have 32).
  6627 | D:7      | Noticed Prince Ribbit
  6656 | D:7      | Killed Prince Ribbit
  6656 | D:7      | Reached *** piety under Okawaru
  6657 | D:7      | Reached skill level 6 in Dodging
  6821 | D:7      | Found a runed translucent door.
  6822 | D:7      | Noticed a sixfirhy
  7286 | D:7      | 7286 ||| UPGRADING to +2 helmet.
  7296 | D:7      | 7296 ||| DROPPING +0 helmet.
  7297 | D:7      | 7297 ||| READING 3 scrolls of identify.
  7297 | D:7      | 7297 ||| IDENTIFYING pink potion
  7298 | D:7      | 7298 ||| READING 2 scrolls of identify.
  7298 | D:7      | 7298 ||| IDENTIFYING scroll labelled QAAPPE LEIMUGO
  7299 | D:7      | 7299 ||| DROPPING potion of degeneration.
  7300 | D:7      | 7300 ||| DROPPING scroll of poison.
  7546 | D:8      | 7546 ||| Stepping ~*~*~tactically~*~*~ (cloud).
  8559 | D:8      | 8559 ||| READING 2 scrolls of identify.
  8559 | D:8      | 8559 ||| IDENTIFYING dark potion
  8560 | D:8      | 8560 ||| READING scroll of identify.
  8560 | D:8      | 8560 ||| IDENTIFYING scroll labelled MUXKIT EFAOTTO
  8561 | D:8      | 8561 ||| DROPPING scroll of revelation.
  8647 | D:9      | Found a transporter.
  8648 | D:9      | Found a transporter.
  8672 | D:9      | Reached skill level 3 in Armour
  8690 | D:9      | Noticed Grum
  8717 | D:9      | Killed Grum
  8806 | D:9      | Found Veashravu's General Store.
  8859 | D:9      | 8859 ||| BUYING potion of heal wounds (75 gold).
  8859 | D:9      | Bought a potion of heal wounds for 75 gold pieces
  8859 | D:9      | 8859 ||| SHOPLISTING wand of acid (8) (504 gold, have 144).
  8874 | D:9      | 8874 ||| RETREEEEATING.
  8875 | D:9      | 8875 ||| RETREEEEATING.
  8876 | D:9      | 8876 ||| RETREEEEATING.
  8877 | D:9      | 8877 ||| RETREEEEATING.
  8878 | D:9      | 8878 ||| RETREEEEATING.
  8879 | D:9      | 8879 ||| RETREEEEATING.
  8880 | D:9      | 8880 ||| RETREEEEATING.
  8881 | D:9      | 8881 ||| RETREEEEATING.
  8882 | D:9      | 8882 ||| RETREEEEATING.
  8883 | D:9      | 8883 ||| RETREEEEATING.
  8884 | D:9      | 8884 ||| RETREEEEATING.
  8885 | D:9      | 8885 ||| RETREEEEATING.
  8889 | D:9      | 8889 ||| RETREEEEATING.
  8896 | D:9      | 8896 ||| INVOKING Heroism.
  8899 | D:9      | 8899 ||| DRINKING 2 potions of haste.
  8904 | D:9      | Reached XP level 10. HP: 38/59 MP: 15/15
  8926 | D:9      | Reached skill level 6 in Fighting
  8931 | D:9      | HP: 9/60 [yak (12)]
  8932 | D:9      | 8932 ||| READING 4 scrolls of teleportation.
  8933 | D:9      | 8933 ||| DRINKING 2 potions of heal wounds.
  8936 | D:9      | Found a transporter.
  9010 | D:9      | Found a transporter.
  9215 | D:9      | Found a transporter.
  9217 | D:9      | Found a transporter.
  9219 | D:9      | Noticed Joseph
  9220 | D:9      | 9220 ||| INVOKING Heroism.
  9221 | D:9      | 9221 ||| DRINKING potion of haste.
  9239 | D:9      | HP: 15/60 [Joseph/sling bullet (8)]
  9240 | D:9      | 9240 ||| READING 3 scrolls of teleportation.
  9241 | D:9      | HP: 3/60 [Joseph/sling bullet (13)]
  9242 | D:9      | 9242 ||| DRINKING potion of heal wounds.
  9242 | D:9      | Shot with a sling bullet by Joseph

Levels and vault maps discovered:
D:1:      minmay_arrival_loop, layout_basic, serial_shops, nicolae_square_shop,
          minmay_misc_feat_rugged, minmay_hedge_maze
D:2:      layout_loops_cross
D:3:      layout_loops_ring, serial_shops, shop, uniq_terence, uniq_sigmund
D:4:      minmay_bubble_buster, layout_basic, cheibrodos_sewer_entry_bend
D:5:      layout_loops_corners, kennysheep_mini_moat,
          mainiacjoe_overflow_tiny_flanked, mainiacjoe_overflow_chevrons,
          temple_pool_b, gammafunk_ghost_arena, minmay_ruined_shrine,
          uniq_grinder
D:6:      layout_layer_cave, trog_three_pillars_becter, grunt_ministairs_13,
          amcnicky_mini_rare_corridor_liquid, nicolae_wooded_promenade,
          item_on_display_a
D:7:      cheibrodos_shockbox, layout_gridville, serial_shops,
          nicolae_shop_just_a_little_nook, uniq_prince_ribbit1
D:8:      layout_layer_cave
D:9:      layout_gridville, serial_shops, shop, serial_nicolae_subway,
          nicolae_sub_station_metal, nicolae_sub_station_stone,
          nicolae_sub_station_crystal, uniq_grum, uniq_joseph
Temple:   minmay_crystal_spiral_temple

Skill      XL: |  1  2  3  4  5  6  7  8  9 10 |
---------------+-------------------------------+-----
Ranged Weapons | 6 7 8 9 10 12 14 | 14.1
Fighting       | 3 5 6 |  6.0
Armour         | 1 3 |  3.2
Dodging        | 3 7 8 |  8.1
Invocations    | 4 |  4.2
Stealth        | |  1.2

Action                     |  1- 3 |  4- 6 |  7- 9 | 10-12 || total
---------------------------+-------+-------+-------+-------++-------
   Fire: Shortbow          |   113 |   168 |   492 |    73 ||   846
 Invoke: Heroism           |       |       |     1 |     1 ||     2
  Evoke: Wand              |       |       |     7 |       ||     7
    Use: Scroll            |     6 |     4 |    12 |     2 ||    24
         Potion            |       |     1 |     4 |     3 ||     8
 Armour: Leather armour    |    18 |       |       |       ||    18
         Scale mail        |    24 |    62 |   187 |    43 ||   316
         Ring mail         |       |    42 |       |       ||    42
  Dodge: Dodged            |    24 |    63 |   158 |    42 ||   287

Table legend:
 A = Non-vault XP
 B = Vault XP
 C = Vault XP percentage of total XP
 D = Non-vault monster count
 E = Vault monster count
 F = Vault count percentage of total count
                 A         B        C        D         E       F
            +---------+---------+-------+---------+---------+-------
      Total |    4884 |    2002 |  29.1 |     147 |      36 |  19.7
            +---------+---------+-------+---------+---------+-------
        D:1 |      40 |       0 |   0.0 |      23 |       0 |   0.0
        D:2 |      30 |       0 |   0.0 |      12 |       0 |   0.0
        D:3 |     179 |     264 |  59.6 |      21 |       2 |   8.7
        D:4 |      61 |     208 |  77.3 |       5 |       8 |  61.5
        D:5 |     420 |     462 |  52.4 |      10 |       9 |  47.4
        D:6 |    1090 |     138 |  11.2 |      23 |       2 |   8.0
        D:7 |    1011 |     274 |  21.3 |      24 |       1 |   4.0
        D:8 |     408 |       0 |   0.0 |      15 |       0 |   0.0
        D:9 |    1645 |     427 |  20.6 |      14 |       3 |  17.6
      Sewer |       0 |     229 | 100.0 |       0 |      11 | 100.0
            +---------+---------+-------+---------+---------+-------
